 Dungeon Crawl Stone Soup version 0.25-a0-404-gc1b5a34292 (webtiles) character file.

Game seed: 6230213949888334015, levelgen mode: deterministic

240 Ijustatesigmund the Cudgeler (level 6, 0/55 HPs)
             Began as a Gargoyle Fighter on Jan 11, 2020.
             Killed from afar by an orc wizard (7 damage)
             ... with a magic dart
             ... on level 3 of the Dungeon.
             The game lasted 00:05:16 (2596 turns).

Ijustatesigmund the Cudgeler (Gargoyle Fighter)     Turns: 2596, Time: 00:05:19

Health: 0/55       AC: 23    Str: 25    XL:     6   Next: 8%
Magic:  6/6        EV:  2    Int:  9    God:
Gold:   191        SH:  9    Dex: 10    Spells: 5/5 levels left

rFire    . . .     SeeInvis .   a - +0 flail
rCold    . . .     Gourm    .   c - +0 shield
rNeg     + + +     Faith    .   (armour currently unavailable)
rPois    ∞         Spirit   .   (helmet currently unavailable)
rElec    .         Reflect  .   (cloak currently unavailable)
rCorr    .         Harm     .   (gloves currently unavailable)
MR       .....     Clarity  +   (boots currently unavailable) Stlth +.........NoTele +
                                (no amulet)
HPRegen  0.18/turn              h - ring of wizardry
MPRegen  0.10/turn              (no ring)

@: mighty, tree-form
A: clarity, negative energy resistance 1, petrification resistance, rot
immunity, AC +4
a: no special abilities


You were on level 3 of the Dungeon.
You were not hungry.
You were a tree.
You visited 1 branch of the dungeon, and saw 3 of its levels.

You collected 191 gold pieces.

Inventory:

Hand Weapons
 a - a +0 flail (weapon)
Armour
 b - a +0 chain mail (melded)
 c - a +0 shield (worn)
Jewellery
 h - a ring of wizardry (left branch)
Scrolls
 g - a scroll of teleportation
 p - a scroll of noise {unknown}
 q - a scroll of remove curse
 r - a scroll of identify
Potions
 d - a potion of might
 e - a potion of ambrosia
 i - a potion of agility
 j - a potion of resistance
 l - a potion of magic
 m - a potion of curing {unknown}
 o - a potion of flight {unknown}
Comestibles
 f - 5 rations
 k - a chunk of flesh


   Skills:
 + Level 3.5 Fighting
 + Level 5.7 Maces & Flails
 + Level 3.5 Armour
 + Level 3.6 Shields


You had 5 spell levels left.
You didn't know any spells.
Your spell library was empty.

Dungeon Overview and Level Annotations

Branches:
Dungeon (3/15)

Altars:
Elyvilon
Gozag


Innate Abilities, Weirdness & Mutations

You are resistant to torment.
((Your stone body is resilient. (AC +4)))
You are immune to poison.
You resist negative energy. (rN+)
((You are resistant to electric shocks. (rElec)))
((You can survive without breathing.))
You are immune to petrification.
You are immune to rotting.
You possess an exceptional clarity of mind.
((Your flesh is heat resistant. (rF+)))


Message History

The orc priest is severely wounded.
The orc priest barely misses you. The orc hits you but does no damage.
The orc priest hits you but does no damage. x2
You closely miss the orc priest.
The orc priest is severely wounded.
You block the orc's attack.
The orc priest hits you but does no damage. x2
The orc hits you.
* * * LOW HITPOINT WARNING * * *
You thump the orc priest!
You kill the orc priest!
You have reached level 6!
Your experience leads to an increase in your attributes!
Your base attributes are Str 20, Int 9, Dex 9.
Increase (S)trength, (I)ntelligence, or (D)exterity?
You feel agile.
The kobold throws a poisoned dart.
The poisoned dart hits you!
A magic dart appears from out of thin air!
The magic dart hits you!
You die...

##.#,,*,,,...(......###......,,,,
#*,#,,,,**........#...#....#,**,,
.,,,,,****#......####...#.#..,,,*
##,*,,,***#######*###........****
#*,*,,,,,.,* #.).....#.#*
#*,,,*,,,..##** ##.##.####,*
#*,,,*,**.....** #..#*.# *,*
**,*,*,***#...K###.##*.#* *,*
,,,*,*,* **#.{)♣..#**..***,*
,***,*,* #..oo........,,,* ,*
*,*,* ###.........#,*******
,***,*,* ######.#..#,,,,,,,,
,,,*,,,* *.....,,,,,,,, ,,,**,,*
**.....,*,,,,,, ,,,**,,*
*,,....,,,,,,,, ,,,***,*
*,,,...,**,,,,, **** ***
*,,,,,,,**,,,,,


You could see an orc priest, an orc and a kobold.

Vanquished Creatures
  An orc priest (D:3)
  Jessica (D:2)
  Terence (D:2)
  A gnoll (D:1)
  5 adders
  3 worms
  3 dart slugs (D:1)
  4 leopard geckos
  An orc (D:3)
  A ball python (D:2)
  10 bats
  5 giant cockroaches
  13 hobgoblins
  2 jackals (D:1)
  2 quokkas (D:2)
  2 frilled lizards
  12 goblins
  8 kobolds
  6 rats
81 creatures vanquished.

Notes
Turn   | Place    | Note
-------+----------+-------------------------------------------
     0 | D:1      | Ijustatesigmund the Gargoyle Fighter began the quest for
                  | the Orb.
     0 | D:1      | Reached XP level 1. HP: 14/14 MP: 1/1
   290 | D:1      | Reached skill level 3 in Maces & Flails
   290 | D:1      | Reached XP level 2. HP: 18/19 MP: 2/2
   486 | D:1      | Reached XP level 3. HP: 23/23 MP: 3/3
   931 | D:1      | Reached skill level 4 in Maces & Flails
  1304 | D:2      | Reached XP level 4. HP: 23/28 MP: 4/4
  1654 | D:2      | Noticed Terence
  1683 | D:2      | Killed Terence
  1868 | D:2      | Reached skill level 5 in Maces & Flails
  1902 | D:2      | Gained mutation: Your flesh is heat resistant. (rF+)
                  | [potion of mutation]
  1902 | D:2      | Gained mutation: You possess an exceptional clarity of
                  | mind. [potion of mutation]
  1956 | D:2      | Reached XP level 5. HP: 32/32 MP: 5/5
  2008 | D:2      | Noticed Jessica
  2015 | D:2      | Killed Jessica
  2294 | D:2      | Found an opulent altar of Gozag.
  2549 | D:3      | Found a white marble altar of Elyvilon.
  2596 | D:3      | Reached XP level 6. HP: 7/37 MP: 6/6
  2596 | D:3      | Killed from afar by an orc wizard

Levels and vault maps discovered:
D:1:      dpeg_arrival_pond, layout_basic
D:2:      minmay_chambers_of_ones, layout_basic, lemuel_round_altar,
          first_ration, small_statue_intersection, serial_bayou_lagoon_a,
          uniq_jessica, uniq_terence
D:3:      layout_rooms, elyvilon_altar_4

Skill      XL: |  1  2  3  4 |
---------------+-------------+-----
Maces & Flails | 3 4 5 |  5.7
Fighting       | |  3.5
Armour         | |  3.5
Shields        | |  3.6

Action                   |  1- 3 |  4- 6 || total
-------------------------+-------+-------++-------
Melee: Flail             |   116 |   226 ||   342
  Use: Scroll            |     2 |     7 ||     9
       Potion            |       |     4 ||     4
  Eat: Chunk             |     1 |     5 ||     6
Armor: Scale mail        |    71 |    21 ||    92
       Chain mail        |       |   100 ||   100
       Skin              |       |     5 ||     5
Dodge: Dodged            |    38 |    40 ||    78
Block: Shield            |    72 |   110 ||   182

Table legend:
 A = Non-vault XP
 B = Vault XP
 C = Vault XP percentage of total XP
 D = Non-vault monster count
 E = Vault monster count
 F = Vault count percentage of total count
                 A         B        C        D         E       F
            +---------+---------+-------+---------+---------+-------
      Total |     260 |      83 |  24.2 |      74 |       7 |   8.6
            +---------+---------+-------+---------+---------+-------
        D:1 |      75 |       0 |   0.0 |      31 |       0 |   0.0
        D:2 |      84 |      83 |  49.7 |      25 |       7 |  21.9
        D:3 |     101 |       0 |   0.0 |      18 |       0 |   0.0
            +---------+---------+-------+---------+---------+-------
